 Dungeon Crawl Stone Soup version 0.18-a0-1542-g9c1a92e (console) character file.

353 Liam the Magician (level 6, -1/32 HPs)
             Began as a Deep Elf Conjurer on Mar 10, 2016.
             Killed from afar by an electric eel (11 damage)
             ... with a bolt of electricity
             ... on level 8 of the Dungeon.
             The game lasted 00:06:03 (3463 turns).

Liam the Magician (Deep Elf Conjurer)               Turns: 3463, Time: 00:06:03

Health: -1/32      AC:  3    Str:  5    XL:     6   Next: 35%
Magic:  9/17       EV: 13    Int: 22    God:
Gold:   130        SH:  0    Dex: 15    Spells: 3 memorised, 8 levels left

rFire  . . .     SeeInvis .     (no weapon)
rCold  . . .     Gourm    .     a - +1 robe
rNeg   . . .     Faith    .     (no shield)
rPois  .         Spirit   .     (no helmet)
rElec  .         Dismiss  .     (no cloak)
rCorr  .         Reflect  .     (no gloves)
SustAt .         Harm     .     (no boots)
MR     .....                    n - amulet of rage
Stlth  +.........               (no ring)
                                k - ring of loudness (curse)

@: not resistant to hostile enchantments, very unstealthy
A: no striking features
a: Evoke Berserk Rage


You were on level 8 of the Dungeon.
You were near starving.

You visited 1 branch of the dungeon, and saw 6 of its levels.

You collected 130 gold pieces.

Inventory:

Armour
 a - a +1 robe (worn)
Jewellery
 k - a cursed ring of loudness (left hand)
 n - an amulet of rage (around neck)
Scrolls
 d - 2 scrolls of remove curse
 e - 4 scrolls of identify
 f - a scroll of random uselessness
 i - a scroll of enchant armour
 j - a scroll of teleportation
Potions
 p - 2 potions of curing {unknown}
Books
 b - a book of Conjurations

   Spells                             Type                      Level
   a - Magic Dart                     Conjuration                  1
   b - Searing Ray                    Conjuration                  2
   c - Dazzling Spray                 Conjuration/Hexes            3
   d - Fulminant Prism                Conjuration/Hexes            4
   e - Iskenderun's Mystic Blast      Conjuration                  4
   f - Iskenderun's Battlesphere      Conjuration/Charms           5
Comestibles
 c - 4 bread rations
 g - a fruit
 h - a slice of pizza
 m - 2 meat rations


   Skills:
 - Level 2.4 Dodging
 - Level 2.4 Stealth
 + Level 6.6 Spellcasting
 + Level 6.4 Conjurations
 + Level 2.4 Charms


You had 8 spell levels left.
You knew the following spells:

 Your Spells              Type           Power        Failure   Level  Hunger
a - Magic Dart            Conj           ####         1%          1    None
p - Iskenderun's Battles  Conj/Chrm      ####....     38%         5    #####..
x - Iskenderun's Mystic   Conj           #####...     8%          4    ###....


Dungeon Overview and Level Annotations

Branches:
Dungeon (8/15)
 Temple: D:4-7         Lair: D:8-11

Altars:
Gozag
Ru

Annotations:
D:7 Ijustatesigmund's ghost, novice OpTm


Message History

Aim: an electric eel (resting)
The orb of energy hits the electric eel.
The electric eel is severely wounded.
The electric eel shoots out a bolt of lightning at you!
The bolt of electricity hits you!
The electric eel shoots out a bolt of lightning at you!
The bolt of electricity hits you!
Unknown command.
Casting: Iskenderun's Mystic Blast
Confirm with . or Enter, or press ? or * to list all spells.
Aiming: Iskenderun's Mystic Blast
Press: ? - help, Shift-Dir - straight line, f/p - electric eel
Aim: an electric eel (severely wounded)
The orb of energy hits the electric eel.
You kill the electric eel!
You hear a splash.
You are near starving!
The electric eel shoots out a bolt of lightning at you!
The bolt of electricity hits you!
You die...

##########
##........#
≈...≈≈≈@≈.#########
≈≈.≈≈≈≈≈..........#
♣≈;≈♣♣♣≈.####.###.##
♣≈† ♣≈.####.# #..# PP
♣ ♣≈.##...###..#PPPP
≈≈≈##.#........PPP
.≈≈.##.###.##.....P
≈≈≈≈........# #.....
≈♣♣♣≈.##.###.####....


You could see an electric eel.

Vanquished Creatures
  An ogre (D:4)
  An electric eel (D:8)
  An orc wizard (D:3)
  An iguana (D:8)
  4 gnolls
  3 adders
  An ooze (D:1)
  A worm (D:2)
  2 dart slugs
  2 giant geckos
  9 orcs
  A ball python (D:2)
  9 bats
  5 giant cockroaches
  11 goblins
  15 hobgoblins
  4 jackals (D:1)
  A quokka (D:3)
  6 giant newts
  6 kobolds
  8 rats
92 creatures vanquished.

Notes
Turn   | Place    | Note
--------------------------------------------------------------
     0 | D:1      | Liam the Deep Elf Conjurer began the quest for the Orb.
     0 | D:1      | Reached XP level 1. HP: 10/10 MP: 6/6
   201 | D:1      | Reached XP level 2. HP: 15/15 MP: 5/8
   635 | D:1      | Reached XP level 3. HP: 19/19 MP: 7/10
   980 | D:2      | Reached skill level 5 in Conjurations
  1023 | D:2      | Found an opulent altar of Gozag.
  1336 | D:2      | Found a sacrificial altar of Ru.
  1594 | D:2      | Reached skill level 5 in Spellcasting
  1594 | D:2      | Reached XP level 4. HP: 18/24 MP: 5/13
  1721 | D:2      | Learned a level 4 spell: Iskenderun's Mystic Blast
  2276 | D:3      | Reached XP level 5. HP: 14/28 MP: 0/15
  3021 | D:3      | Learned a level 5 spell: Iskenderun's Battlesphere
  3238 | D:4      | Noticed an ogre
  3247 | D:4      | Killed an ogre
  3247 | D:4      | Reached skill level 1 in Charms
  3247 | D:4      | Reached XP level 6. HP: 32/32 MP: 2/17
  3311 | D:4      | You fall through a shaft for 3 floors!
  3311 | D:7      | Noticed an orc warrior
  3320 | D:7      | Noticed Ijustatesigmund's ghost (novice OpTm)
  3463 | D:8      | Killed from afar by an electric eel

Vault maps used:
D:1:      lemuel_arrival_tunnels
D:2:      grunt_gozag_statues, lemuel_crystal_altar
D:3:      kennysheep_big_flooded_room, first_bread
D:4:      minmay_opposing_rooms, lightli_sewer_entry_pipes,
          eino_small_chamber_without_monster
D:7:      lemuel_temple_firewalk_marked, uniq_duvessa
D:8:      david_lair_shrubbed, enter_ossuary_4, kennysheep_boxes

Skill      XL: |  1  2  3  4  5  6 |
---------------+-------------------+-----
Spellcasting   | 4 5 6 |  6.6
Conjurations   | 5 6 |  6.4
Charms         | 1 2 |  2.4
Dodging        | |  2.4
Stealth        | |  2.4

Action                   |  1- 3 |  4- 6 || total
-------------------------+-------+-------++-------
Melee: Unarmed           |     9 |     1 ||    10
 Cast: Magic Dart        |    89 |    86 ||   175
       Iskenderun's Myst |       |     9 ||     9
  Use: Scroll            |       |     9 ||     9
  Eat: Chunk             |     1 |     6 ||     7
